AoeStats
← Craddieeeeeeeeee

Black Forest

506371640Analyzed
1v1 RM · 21d ago on Sep 13, 2026· 32m 20s· 2 players
Game mode
Random Map
Map size
Tiny (2 player)
Population
200
Speed
Normal
Resources
Standard
Victory
Conquest
Starting age
Dark Age
Ending age
Imperial Age
RankedLock teamsTeams togetherTeam positionsShared explorationLock speedFull tech treeHidden civsTurbo modeCheats
Victory
Defeat
🇩🇪 Slavs · Germany
864
+15
🇬🇧 Japanese · United Kingdom
842
-27
Craddieeeeeeeeee
1:14 Loom
12:07 Feudal Age
12:21 Man-at-Arms
14:05 Arson
16:30 Forging
16:23 Scale Mail Armor
23:05 Wheelbarrow
28:29 Castle Age
NutriaGruss2226
14:48 Feudal Age
16:09 Wheelbarrow
15:26 Man-at-Arms
16:05 Double-Bit Axe
16:04 Horse Collar
16:41 Scale Mail Armor
20:18 Forging
21:53 Gold Mining
22:41 Scale Barding Armor
27:00 Bloodlines
30:43 Castle Age
31:20 Light Cavalry
Connection lost

Rejoining the realm…

Still unreachable

The connection could not be restored.

Session expired

The server has moved on; the page needs a fresh start.